 Dungeon Crawl Stone Soup version 0.30.1-9-gdf580d7c3d (webtiles) character file.

Game seed: 7641716252108425409

4312 Cheops the Basher (level 10, -13/81 HPs)
             Began as an Ogre Ice Elementalist on Oct 23, 2023.
             Mangled by a gnoll sergeant
             ... wielding a +4 heavy trident
              (26 damage)
             ... on level 7 of the Dungeon.
             The game lasted 00:36:20 (9125 turns).

Cheops the Basher (Ogre Ice Elementalist)           Turns: 9125, Time: 00:36:20

Health: -13/81     AC:  5    Str: 14    XL:     10   Next: 33%
Magic:  9/14       EV:  9    Int: 20    God:
Gold:   321        SH:  0    Dex:  9    Spells: 4/15 levels left

rFire   . . .        a - +0 dire flail
rCold   . . .        (shield currently unavailable)
rNeg    . . .        d - +0 robe
rPois   .            (helmet restricted)
rElec   .            q - +1 cloak
rCorr   .            (gloves unavailable)
SInv    .            (boots unavailable)
Will    +....        (no amulet)
Stlth   +            e - ring of wizardry
HPRegen 0.33/turn    o - +4 ring of slaying
MPRegen 0.14/turn

%: wizardry (x1)
@: freezing walls
A: large, unfitting armour, tough skin 1
a: no special abilities


You were on level 7 of the Dungeon.
You visited 2 branches of the dungeon, and saw 8 of its levels.
You also visited: Ossuary.

You collected 321 gold pieces.

Inventory:

Hand Weapons
 a - a +0 dire flail (weapon)
 b - a +1 mace of holy wrath
 c - a +4 quarterstaff of chaos
 w - a +0 flail
 H - a +0 giant club
Missiles
 h - 5 large rocks
 i - 39 stones (quivered)
Armour
 d - a +0 robe (worn)
 q - a +1 cloak (worn)
Jewellery
 e - a ring of wizardry (left hand)
 o - a +4 ring of slaying (right hand)
 t - a ring of flight
 A - a ring of willpower
Wands
 j - a wand of mindburst (10)
 u - a wand of quicksilver (18)
 J - a wand of digging (6)
Scrolls
 f - 5 scrolls of teleportation
 g - 2 scrolls of enchant weapon {unknown}
 r - a scroll of silence
 x - a scroll of enchant armour
 y - 2 scrolls of amnesia
 z - 2 scrolls of fog
 C - 5 scrolls of immolation
 D - a scroll of magic mapping
 F - a scroll of summoning
Potions
 k - a potion of lignification
 l - 2 potions of brilliance
 m - a potion of mutation
 n - 2 potions of curing
 p - 2 potions of magic
 s - a potion of resistance {unknown}
 v - a potion of haste {unknown}
 B - a potion of ambrosia {unknown}
 E - 2 potions of heal wounds
 G - 2 potions of invisibility {unknown}
 I - a potion of might {unknown}


   Skills:
 + Level 10.9 Maces & Flails
 - Level 1.7 Dodging
 - Level 1.4 Stealth
 - Level 3.0 Spellcasting
 - Level 8.0 Ice Magic
 * Level 2.7 Evocations


You had 4 spell levels left.
You knew the following spells:

 Your Spells              Type           Power      Damage    Failure   Level
a - Freeze                Ice            100%       1d10      1%          1
r - Frozen Ramparts       Ice            70%        1d11      1%          3
A - Ozocubu's Armour      Ice            35%        N/A       1%          3
I - Summon Ice Beast      Ice/Summ       19%        N/A       11%         4

Your spell library contained the following spells:

 Spells                   Type           Power      Damage    Failure   Level
 Magic Dart               Conj           12%        1d3       6%          1
 Searing Ray              Conj           6%         2d4       9%          2
 Inner Flame              Hex/Fire       3%         N/A       16%         3
 Fulminant Prism          Conj/Hex       1%         3d5       45%         4
 Yara's Violent Unravell  Hex/Tmut       1%         3d3       80%         5
 Enfeeble                 Hex            1%         N/A       100%        7


Dungeon Overview and Level Annotations

Branches:
Dungeon (7/15)             Temple (1/1) D:5         Ossuary (visited)

Altars:
Ashenzari
Cheibriados
Dithmenos
Elyvilon
Gozag
Hepliaklqana
Makhleb
Nemelex Xobeh
Okawaru
Qazlal
Ru
Sif Muna
Trog
Uskayaw
Vehumet
Wu Jian
Xom
Yredelemnul
Zin


Innate Abilities, Weirdness & Mutations

You are too large for most types of armour.
You have tough skin. (AC +1)


Message History

* * * LOW HITPOINT WARNING * * *
Casting: Ozocubu's Armour (safe; 1% risk of failure)
Confirm with . or Enter, or press ? or * to list all spells.
Casting: Frozen Ramparts (safe; 1% risk of failure)
Press: ? - help, Dir - look around, f - activate The walls around you are covered in ice.
You hit the gnoll sergeant.
The gnoll sergeant is lightly wounded.
The wall freezes the gnoll sergeant.
The gnoll sergeant completely misses you.
You thump the gnoll sergeant!
The gnoll sergeant is severely wounded.
You completely miss the gnoll sergeant.
The gnoll sergeant is severely wounded.
The wall freezes the gnoll sergeant.
The gnoll sergeant hits you with a +4 heavy trident!
* * * LOW HITPOINT WARNING * * *
You barely miss the gnoll sergeant.
The gnoll sergeant is severely wounded.
You closely miss the gnoll sergeant.
The gnoll sergeant is severely wounded.
The wall freezes the gnoll sergeant.
The gnoll sergeant hits you with a +4 heavy trident!
* * * LOW HITPOINT WARNING * * *
You barely miss the gnoll sergeant.
The gnoll sergeant is almost dead.
The wall freezes the gnoll sergeant.
The gnoll sergeant completely misses you.
You barely miss the gnoll sergeant.
The gnoll sergeant is almost dead.
Casting: Frozen Ramparts (safe; 1% risk of failure)
Confirm with . or Enter, or press ? or * to list all spells.
Aiming: Freeze (safe; 1% risk of failure)
Press: ? - help, Shift-Dir - straight line, f - gnoll sergeant
Aim: a gnoll sergeant, wielding a +4 heavy trident and wearing a +0 ring mail (almost dead)
You freeze the gnoll sergeant.
The gnoll sergeant is almost dead.
The wall freezes the gnoll sergeant but does no damage.
The gnoll sergeant hits you with a +4 heavy trident!!
You die...

....##......#.#.#######......#
...........#..###.. ..##....###
..............##..###..#......#
...............#Y8#!#8.#.....##
......##......##+##[##)####.##
.......#......#...+$#..8#..##
..............#8).#!#...'..#
..............##g##?##'##).##
>.............##@8#$#8.#....#
..............##..###..#....#
.............####..'..##...##
.............#.########...##
...............# #.......#
...............#####.....>#
..<..............###......###
...######...#.#.............#
##.### ##..#.#...........>.#


You could see a gnoll sergeant.

Vanquished Creatures
  A slime creature (D:7)
  A wyvern (D:7)
  3 water moccasins
  3 ice beasts
  5 black bears
  A sky beast (D:7)
  A hornet zombie (Ossuary)
  2 orc warriors
  3 ogres
  2 bullfrogs
  5 scorpions
  A wyvern zombie (Ossuary)
  2 water moccasin zombies (Ossuary)
  2 wights (D:7)
  4 killer bees (D:7)
  8 centaur zombies (Ossuary)
  2 bullfrog zombies (Ossuary)
  A gnoll bouda (D:7)
  3 hounds (D:5)
  2 orc priests
  Crazy Yiuf (D:3)
  5 jellies
  A sleepcap (D:5)
  3 iguanas
  5 orc wizards
  12 mummies (Ossuary)
  2 howler monkey zombies (Ossuary)
  8 adders
  7 gnolls
  3 white imps
  2 ufetubi (D:5)
  2 worms
  4 dart slugs
  14 orcs
  8 bats
  3 endoplasms
  A giant cockroach (D:3)
  8 goblins
  10 hobgoblins
  7 jackals
  3 quokkas
  4 ball pythons
  3 frilled lizards
  2 kobolds (D:1)
  2 rats (D:1)
172 creatures vanquished.

Vanquished Creatures (collateral kills)
  A bullfrog (D:6)
1 creature vanquished.

Grand Total: 173 creatures vanquished

Notes
Turn   | Place    | Note
-------+----------+-------------------------------------------
     0 | D:1      | Cheops the Ogre Ice Elementalist began the quest for the
                  | Orb.
     0 | D:1      | Reached XP level 1. HP: 16/16 MP: 3/3
     1 | D:1      | Noticed an electric eel
   270 | D:1      | Reached XP level 2. HP: 23/24 MP: 3/5
   505 | D:1      | Reached skill level 1 in Maces & Flails
   644 | D:1      | Found a faded altar of an unknown god.
   704 | D:1      | Reached XP level 3. HP: 31/31 MP: 4/7
   708 | D:1      | Learned a level 3 spell: Frozen Ramparts
   712 | D:1      | Learned a level 3 spell: Ozocubu's Armour
  1363 | D:2      | Reached XP level 4. HP: 32/39 MP: 4/8
  1946 | D:3      | Found a radiant altar of Vehumet.
  2039 | D:3      | Found a glowing silver altar of Zin.
  2365 | D:3      | Reached skill level 2 in Maces & Flails
  2366 | D:3      | Reached XP level 5. HP: 24/45 MP: 1/9
  2750 | D:3      | Found a runed translucent door.
  2751 | D:3      | Noticed Crazy Yiuf
  2963 | D:3      | Killed Crazy Yiuf
  2964 | D:3      | Reached skill level 5 in Ice Magic
  3355 | D:4      | Noticed an ogre
  3364 | D:4      | Killed an ogre
  3365 | D:4      | Reached skill level 3 in Maces & Flails
  3365 | D:4      | Reached XP level 6. HP: 53/53 MP: 0/10
  3594 | D:4      | Found a shimmering blue altar of Sif Muna.
  3867 | D:5      | Entered Level 5 of the Dungeon
  3935 | D:5      | Reached skill level 4 in Maces & Flails
  3946 | D:5      | Learned a level 4 spell: Summon Ice Beast
  4056 | D:5      | Noticed a water moccasin
  4063 | D:5      | Killed a water moccasin
  4064 | D:5      | Reached skill level 5 in Maces & Flails
  4064 | D:5      | Reached XP level 7. HP: 51/59 MP: 1/11
  4173 | D:5      | Reached skill level 6 in Maces & Flails
  4261 | D:5      | Found a staircase to the Ecumenical Temple.
  4443 | D:5      | Found a sand-covered staircase.
  4451 | Ossuary  | Entered an ossuary
  4558 | Ossuary  | Reached XP level 8. HP: 58/67 MP: 12/12
  5549 | D:5      | Reached skill level 7 in Maces & Flails
  5740 | D:5      | Reached XP level 9. HP: 63/74 MP: 10/13
  6725 | Temple   | Entered the Ecumenical Temple
  6814 | D:6      | Reached skill level 8 in Maces & Flails
  6930 | D:6      | Found a hide-covered altar of Uskayaw.
  6933 | D:6      | Noticed a +0 dagger
  6933 | D:6      | Noticed a +0 dagger
  7494 | D:6      | Reached skill level 9 in Maces & Flails
  8256 | D:7      | Reached skill level 10 in Maces & Flails
  8372 | D:7      | Reached XP level 10. HP: 29/81 MP: 4/14
  8635 | D:7      | Reached skill level 1 in Evocations
  8968 | D:7      | Found an ornate altar of the Wu Jian Council.
  8993 | D:7      | Found a sparkling altar of Nemelex Xobeh.
  9125 | D:7      | Mangled by a gnoll sergeant

Illustrated notes

Levels and vault maps discovered:
D:1:      arrival_aquarium_a, layout_loops_cross,
          shapermc_ecumenical_altar_acropolis
D:2:      layout_basic, serial_bayou_pond_a
D:3:      layout_basic, nicolae_vehumet_radiance, zin_statuary, minivault_25,
          chequers_jeans, uniq_crazy_yiuf_cottage
D:4:      layout_gridville, mainiacjoe_overflow_catwalk
D:5:      layout_layer_cave, temple_fountains,
          nicolae_ossuary_entry_false_entrances, chequers_serial_rivers_micro_d,
          grunt_tough_drop
D:6:      layout_cave_pods, dancing_weapons_uskayaw, corexii_leaking_fountain
D:7:      minmay_chambers_of_sixes, layout_cave_pools,
          mainiacjoe_overflow_large_starburst
Temple:   nicolae_temple_god_jail

Skill      XL: |  1  2  3  4  5  6  7  8  9 10 |
---------------+-------------------------------+-----
Spellcasting   | 3 |  3.0
Maces & Flails | 1 2 3 5 6 7 10 | 10.9
Ice Magic      | 4 5 8 |  8.0
Evocations     | 2 |  2.7
Dodging        | |  1.7
Stealth        | |  1.4

Action                     |  1- 3 |  4- 6 |  7- 9 | 10-12 || total
---------------------------+-------+-------+-------+-------++-------
  Melee: Mace              |    37 |    31 |    87 |       ||   155
         Flail             |       |     7 |       |       ||     7
         Quarterstaff      |       |     3 |       |       ||     3
         Giant club        |       |    12 |    53 |       ||    65
         Punch             |       |       |     2 |       ||     2
         Dire flail        |       |       |    70 |    48 ||   118
  Throw: Stone             |       |       |       |     1 ||     1
   Cast: Freeze            |    30 |    42 |    25 |     2 ||    99
         Ozocubu's Armour  |     2 |     4 |     6 |     5 ||    17
         Frozen Ramparts   |       |     8 |    19 |     5 ||    32
         Summon Ice Beast  |       |       |     4 |     1 ||     5
  Evoke: Wand              |       |       |       |     1 ||     1
    Use: Scroll            |       |     9 |     6 |       ||    15
         Potion            |       |       |     2 |     1 ||     3
   Stab: Sleeping          |       |       |     1 |       ||     1
 Armour: Robe              |    23 |    15 |    97 |    12 ||   147
         Skin              |       |       |     5 |       ||     5
  Dodge: Dodged            |    23 |    42 |   108 |    13 ||   186
